 Dungeon Crawl Stone Soup version 0.19.5 (console) character file.

1895 Goblin1989 the Conjurer (level 8, 52/52 HPs)
             Began as a Demonspawn Fire Elementalist on Feb 4, 2017.
             Was a Follower of Vehumet.
             Quit the game on level 7 of the Dungeon on Mar 3, 2017.
             The game lasted 00:35:00 (9058 turns).

Goblin1989 the Conjurer (DsFE)                      Turns: 9058, Time: 00:35:00

Health: 52/52      AC:  6    Str: 10    XL:     8   Next: 93%
Magic:  15/15      EV: 12    Int: 18    God:    Vehumet [*.....]
Gold:   398        SH:  0    Dex: 15    Spells: 4 memorised, 5 levels left

rFire  + + .     SeeInvis .     E - +0 quarterstaff (curse)
rCold  . . .     Gourm    +     a - +0 robe
rNeg   . . .     Faith    .     (shield currently unavailable)
rPois  .         Spirit   .     (helmet restricted)
rElec  .         Reflect  .     (no cloak)
rCorr  .         Harm     .     y - +0 pair of gloves
MR     .....                    o - +2 pair of boots "Utus" {rF++}
Stlth  +++.......               f - amulet of the gourmand
                                (no ring)
                                t - +2 ring of strength

@: drained
A: antennae 2, nightstalker 1
a: Renounce Religion


You were on level 7 of the Dungeon.
You worshipped Vehumet.
Vehumet was aware of your devotion.
You were completely stuffed.

You visited 2 branches of the dungeon, and saw 8 of its levels.

You collected 398 gold pieces.

Inventory:

Hand Weapons
 E - a cursed +0 quarterstaff (weapon)
Missiles
 p - 7 needles of paralysis
Armour
 a - a +0 robe (worn)
 o - the +2 pair of boots "Utus" (worn) {rF++}
   (You found it on level 4 of the Dungeon)

   It greatly protects you from fire.
 w - the +1 robe of Cowardice {*Corrode rF+ Str+2}
   (You found it on level 5 of the Dungeon)

   It affects your strength (+2).
   It protects you from fire.
   It may corrode you when you take damage.
 y - a +0 pair of gloves (worn)
Jewellery
 f - an amulet of the gourmand (around neck)
 t - a +2 ring of strength (left hand)
 B - a cursed amulet of inaccuracy {unknown}
 F - an uncursed ring of poison resistance {unknown}
 H - a cursed ring of poison resistance {unknown}
Wands
 C - a wand of confusion (29/48)
Scrolls
 d - 6 scrolls of remove curse {@r2}
 i - 4 scrolls of amnesia
 j - a scroll of random uselessness {unknown}
 m - a scroll of blinking {unknown}
 q - 2 scrolls of immolation {unknown}
 s - a scroll of fog {unknown}
 A - 2 scrolls of enchant weapon {unknown}
 D - a scroll of summoning {unknown}
 G - a scroll of enchant armour {unknown}
 I - a scroll of magic mapping {unknown}
 R - 6 scrolls of identify {@r1}
 T - a scroll of teleportation {!r, @r3}
Potions
 c - a potion of resistance
 g - a potion of heal wounds {unknown}
 h - a potion of lignification
 r - 3 potions of agility
 v - 2 potions of berserk rage
 x - a potion of curing {@q1}
 z - a potion of cancellation
 K - a potion of haste {unknown}
Books
 b - a book of Flames

   Spells                             Type                      Level
   a - Flame Tongue                   Conjuration/Fire             1
   b - Throw Flame                    Conjuration/Fire             2
   c - Conjure Flame                  Conjuration/Fire             3
   d - Inner Flame                    Hexes/Fire                   3
   e - Sticky Flame                   Conjuration/Fire             4
   f - Fireball                       Conjuration/Fire             5
Comestibles
 e - 5 bread rations {@e1}
 k - 7 fruits
 l - a chunk of flesh
 n - 2 meat rations {@e2}
 u - a beef jerky
 J - a slice of pizza


   Skills:
 - Level 1.7(1.5) Dodging
 - Level 1.7(1.5) Stealth
 + Level 4.8(4.5) Spellcasting
 * Level 7.5(7.2) Conjurations
 * Level 7.3(6.9) Fire Magic


You had 5 spell levels left.
You knew the following spells:

 Your Spells              Type           Power        Failure   Level  Hunger
a - Flame Tongue          Conj/Fire      ####.        1%          1    None
b - Sticky Flame          Conj/Fire      ####....     10%         4    ####...
c - Inner Flame           Hex/Fire       ###.....     12%         3    ###....
j - Conjure Flame         Conj/Fire      ####....     2%          3    ###....


Dungeon Overview and Level Annotations

Branches:
Dungeon (7/15)             Temple (1/1) D:6

Altars:
Ashenzari
Cheibriados
Dithmenos
Elyvilon
Fedhas
Gozag
Hepliaklqana
Kikubaaqudgha
Makhleb
Nemelex Xobeh
Okawaru
Qazlal
Ru
Sif Muna
Trog
Uskayaw
Vehumet
Xom
Yredelemnul
Zin
The Shining One

Annotations:
D:3 Sigmund
D:4 exclusion: statue, appiemonkey's ghost, amateur DrFi


Innate Abilities, Weirdness & Mutations

You have a pair of antennae on your head.
You are slightly more attuned to the shadows.


Message History

You feel your power returning.
You start resting.
Magic restored.
You regained 2 hp, and now have 50/52 hp.
MP restored: 15 You see here 25 stones.
HP restored.
Eating one of 11 chunks of flesh.
You start eating one of the 11 chunks of flesh.
This raw flesh tastes great.
Some of the chunks of flesh in your inventory have rotted away.
A bullfrog comes into view.
Health restored: 52 A bullfrog is nearby!
A bullfrog is nearby!
Casting: Flame Tongue
Confirm with . or Enter, or press ? or * to list all spells.
Aiming: Flame Tongue
Press: ? - help, Shift-Dir - straight line, f - bullfrog
Aim: a bullfrog The flame tongue hits the bullfrog.
The bullfrog is heavily wounded.
You now have 14/15 mp.
Casting: Flame Tongue
Confirm with . or Enter, or press ? or * to list all spells.
Aiming: Flame Tongue
Press: ? - help, Shift-Dir - straight line, f/p - bullfrog
Aim: a bullfrog (heavily wounded)
The flame tongue hits the bullfrog.
The bullfrog is severely wounded.
You now have 13/15 mp.
Casting: Flame Tongue
Confirm with . or Enter, or press ? or * to list all spells.
Aiming: Flame Tongue
Press: ? - help, Shift-Dir - straight line, f/p - bullfrog
Aim: a bullfrog (severely wounded)
The flame tongue hits the bullfrog.
The bullfrog is severely wounded.
The bullfrog barely misses you.
You now have 12/15 mp.
Casting: Flame Tongue
Confirm with . or Enter, or press ? or * to list all spells.
Aiming: Flame Tongue
Press: ? - help, Shift-Dir - straight line, f/p - bullfrog
Aim: a bullfrog (severely wounded)
The flame tongue misses the bullfrog.
The bullfrog closely misses you. The bullfrog hits you.
You take 2 damage, and have 50/52 hp.
You now have 11/15 mp.
Casting: Flame Tongue
Confirm with . or Enter, or press ? or * to list all spells.
Aiming: Flame Tongue
Press: ? - help, Shift-Dir - straight line, f/p - bullfrog
Aim: a bullfrog (severely wounded)
The flame tongue hits the bullfrog.
The bullfrog is severely wounded.
The bullfrog hits you.
You take 1 damage, and have 49/52 hp.
You now have 10/15 mp.
Casting: Flame Tongue
Confirm with . or Enter, or press ? or * to list all spells.
Aiming: Flame Tongue
Press: ? - help, Shift-Dir - straight line, f/p - bullfrog
Aim: a bullfrog (severely wounded)
The flame tongue hits the bullfrog.
You kill the bullfrog!
Vehumet accepts your kill.
You feel your power returning.
Casting: Flame Tongue
Confirm with . or Enter, or press ? or * to list all spells.
You can't see any susceptible monsters within range! (Use Z to cast anyway.) Unknown command.
You start resting.
Some of the chunks of flesh in your inventory have rotted away.
HP restored.
Health restored: 52 You regained 2 mp, and now have 13/15 mp.
Found a stone staircase leading down.
You see here a bullfrog corpse.
You butcher the bullfrog corpse.
l - 2 chunks of flesh (gained 1)
You see here a bullfrog skeleton. x2
Found a stone staircase leading down.
Unknown command.
Magic restored.
You see here a bullfrog skeleton.
Some of the chunks of flesh in your inventory have rotted away.
Done exploring.
MP restored: 15 Done exploring.
Saving game... please wait.
Welcome back, Goblin1989 the Demonspawn Fire Elementalist.
Vehumet says: Let it end in hellfire!
Press ? for a list of commands and other information.
Welcome back, Goblin1989 the Demonspawn Fire Elementalist.
Vehumet says: Let it end in hellfire!
Press ? for a list of commands and other information.
Saving game... please wait.
Welcome back, Goblin1989 the Demonspawn Fire Elementalist.
Vehumet says: Let it end in hellfire!
Press ? for a list of commands and other information.
Are you sure you want to abandon this character and quit the game? (Confirm with "yes".)

███████.███
██..........
██████████..█████...█
█..........██ ███....
█..........█ ██...███
█........).███..███
█.................█
█.................█
█...@.............█
█.................█
█.................███
████████.............
█.............
█.............
█.....[......(
███.█████.....
██...██ █.....


There were no monsters in sight!

Vanquished Creatures
  A hungry ghost (D:7)
  Edmund (D:6)
  A phantom (D:5)
  2 orc warriors (D:7)
  An ice beast (D:5)
  3 bullfrogs (D:7)
  2 scorpions
  5 wights (D:7)
  A howler monkey (D:7)
  A crimson imp (D:7)
  4 jellies
  2 orc priests (D:7)
  A centaur skeleton (D:7)
  4 hounds
  6 worker ants
  A hound zombie (D:5)
  A worker ant zombie (D:7)
  10 adders
  2 shadow imps (D:5)
  An adder zombie (D:5)
  2 worms
  2 dart slugs (D:1)
  4 leopard geckos
  11 orcs
  2 ball pythons
  13 bats
  2 giant cockroaches (D:1)
  5 goblins
  4 hobgoblins (D:1)
  21 jackals
  8 kobolds
  6 quokkas
  5 frilled lizards
  A leopard gecko skeleton (D:4)
  10 rats
146 creatures vanquished.

Notes
Turn   | Place    | Note
-------+----------+-------------------------------------------
     0 | D:1      | Goblin1989 the Demonspawn Fire Elementalist began the quest for the Orb.
     0 | D:1      | Reached XP level 1. HP: 13/13 MP: 3/3
   217 | D:1      | Gained mutation: You are slightly more attuned to the shadows. [demonic ancestry]
   217 | D:1      | Reached XP level 2. HP: 9/19 MP: 0/5
   937 | D:1      | Reached XP level 3. HP: 22/24 MP: 3/6
  1647 | D:2      | Learned a level 3 spell: Conjure Flame
  1845 | D:2      | Found a shadowy altar of Dithmenos.
  1896 | D:2      | Gained mutation: You have a pair of small antennae on your head. [demonic ancestry]
  1896 | D:2      | Reached XP level 4. HP: 15/30 MP: 1/7
  2760 | D:2      | Found a glowing golden altar of the Shining One.
  3446 | D:3      | Found a sparkling altar of Nemelex Xobeh.
  3449 | D:3      | Found a shimmering altar of Xom.
  3588 | D:3      | Noticed Sigmund
  3651 | D:3      | Gained mutation: You have a pair of antennae on your head. [demonic ancestry]
  3651 | D:3      | Reached XP level 5. HP: 12/35 MP: 0/8
  4022 | D:3      | Found a basalt altar of Yredelemnul.
  4319 | D:4      | Got a pair of shimmering boots
  4328 | D:4      | Identified the +2 pair of boots "Utus" {rF++} (You found it on level 4 of the Dungeon)
  4397 | D:4      | Found a hide-covered altar of Uskayaw.
  4397 | D:4      | Noticed a hand axe
  4398 | D:4      | Noticed a hand axe
  4405 | D:4      | Found a radiant altar of Vehumet.
  4407 | D:4      | Noticed a charred statue
  4412 | D:4      | Became a worshipper of Vehumet
  4673 | D:4      | Noticed appiemonkey's ghost (amateur DrFi)
  4685 | D:3      | Reached XP level 6. HP: 40/41 MP: 3/10
  4950 | D:4      | Learned a level 4 spell: Sticky Flame
  5223 | D:5      | Entered Level 5 of the Dungeon
  5412 | D:5      | Got a crude robe
  5455 | D:5      | Identified the +1 robe of Cowardice {*Corrode rF+ Str+2} (You found it on level 5 of the Dungeon)
  5669 | D:5      | Noticed an ice beast
  5698 | D:5      | HP: 2/41 [ice beast (9)]
  5700 | D:5      | Killed an ice beast
  5700 | D:5      | Reached skill level 5 in Fire Magic
  5700 | D:5      | Reached XP level 7. HP: 2/46 MP: 2/11
  6314 | D:5      | Reached skill level 5 in Conjurations
  6876 | D:6      | Reached * piety under Vehumet
  6876 | D:6      | Offered knowledge of Magic Dart by Vehumet.
  6915 | D:6      | Found a staircase to the Ecumenical Temple.
  6915 | D:6      | Noticed Edmund
  6926 | D:6      | Killed Edmund
  6931 | Temple   | Entered the Ecumenical Temple
  7101 | D:6      | Learned a level 3 spell: Inner Flame
  7129 | D:7      | Noticed a hungry ghost
  7553 | D:7      | Killed a hungry ghost
  7553 | D:7      | Reached XP level 8. HP: 47/52 MP: 6/13
  9058 | D:7      | Upgraded the game from 0.19.4 to 0.19.4-8-ga85b6b9
  9058 | D:7      | Upgraded the game from 0.19.4-8-ga85b6b9 to 0.19.5
  9058 | D:7      | Quit the game

Skill      XL: |  1  2  3  4  5  6  7  8 |
---------------+-------------------------+-----
Fire Magic     | 3 4 5 6 7 |  7.3
Conjurations   | 2 3 4 6 7 |  7.5
Spellcasting   | 3 4 |  4.8
Dodging        | |  1.7
Stealth        | |  1.7

Action                   |  1- 3 |  4- 6 |  7- 9 || total
-------------------------+-------+-------+-------++-------
Melee: Short sword       |       |    23 |     9 ||    32
       Quarterstaff      |       |       |    15 ||    15
 Cast: Flame Tongue      |    69 |   144 |   162 ||   375
       Conjure Flame     |     1 |     1 |     2 ||     4
       Sticky Flame      |       |       |     4 ||     4
       Inner Flame       |       |       |     2 ||     2
  Use: Potion            |       |     2 |       ||     2
       Scroll            |       |     4 |     6 ||    10
  Eat: Chunk             |     4 |    21 |    20 ||    45
       Bread ration      |       |       |     1 ||     1
Armor: Robe              |     2 |    21 |    36 ||    59
Dodge: Dodged            |    20 |    54 |    62 ||   136

Vault maps used:
D:1:      scummos_arrival_hexagon, minmay_heptomino_h4
D:2:      tso_oasis_becter, moated_statue, nicolae_dithmenos_shadow_blocks
D:3:      minitemple, overflow_temple_1_default, kennysheep_big_empty_room,
          uniq_sigmund
D:4:      vehumet_statue, dancing_weapons_uskayaw, first_bread
D:6:      temple_green, uniq_edmund
D:7:      serial_glass, glass_columns_a, glass_columns_a, glass_columns_a,
          glass_columns_c, glass_columns_b, glass_columns_c
Temple:   regret_index_temple_waves
